 Dungeon Crawl Stone Soup version 0.22.0-49-gab54619674 (webtiles) character file.

204 JedernureinKreuz the Conjurer (level 5, -1/37 HPs)
             Began as a Gnoll Conjurer on Sept 8, 2018.
             Shot with an arrow by a centaur (8 damage)
             ... on level 6 of the Dungeon.
             The game lasted 00:06:54 (1607 turns).

JedernureinKreuz the Conjurer (Gnoll Conjurer)      Turns: 1607, Time: 00:06:55

Health: -1/37      AC:  3    Str: 10    XL:     5   Next: 82%
Magic:  6/12       EV: 15    Int: 19    God:
Gold:   88         SH:  0    Dex: 15    Spells: 13/14 levels left

rFire    . . .     SeeInvis .   e - +0 dagger
rCold    . . .     Gourm    .   (no shield)
rNeg     . . .     Faith    .   q - +0 leather armour
rPois    .         Spirit   .   (no helmet)
rElec    .         Reflect  .   (no cloak)
rCorr    .         Harm     .   (no gloves)
MR       .....                  (no boots)
Stlth    +++.......             (no amulet)
HPRegen  0.12/turn              i - +1 ring of evasion
MPRegen  0.13/turn              (no ring)

@: no status effects
A: distributed training, fangs 1, strong nose
a: no special abilities


You were on level 6 of the Dungeon.
You were not hungry.

You visited 1 branch of the dungeon, and saw 4 of its levels.

You collected 88 gold pieces.

Inventory:

Hand Weapons
 b - a +0 club
 d - a +0 hand axe
 e - a +0 dagger (weapon)
 f - a +0 short sword
 p - a +0 flail
 t - a +0 short sword
 w - a +0 blowgun
 x - a +0 whip
Missiles
 g - 78 stones (quivered)
 j - 23 bolts
 r - 4 sling bullets
 v - 22 poisoned needles
Armour
 a - a +0 robe
 q - a +0 leather armour (worn)
Jewellery
 i - a +1 ring of evasion (left hand)
Wands
 s - a wand of paralysis (18)
Scrolls
 k - a scroll of fog {unknown}
 l - 2 scrolls of identify {unknown}
 m - 3 scrolls of blinking {unknown}
 o - a scroll of enchant armour {unknown}
Potions
 h - a potion of degeneration {unknown}
 n - a potion of might {unknown}
 u - a potion of curing {unknown}
Comestibles
 c - 2 rations


   Skills:
 + Level 1.6 Fighting
 + Level 1.6 Short Blades
 + Level 1.6 Long Blades
 + Level 1.6 Axes
 + Level 1.6 Maces & Flails
 + Level 1.6 Polearms
 + Level 1.6 Staves
 + Level 1.6 Slings
 + Level 1.6 Bows
 + Level 1.6 Crossbows
 + Level 1.6 Throwing
 + Level 1.6 Armour
 + Level 4.8 Dodging
 + Level 4.4 Stealth
 + Level 1.6 Shields
 + Level 1.6 Unarmed Combat
 + Level 5.2 Spellcasting
 + Level 7.2 Conjurations
 + Level 1.3 Hexes
 + Level 1.3 Charms
 + Level 1.3 Summonings
 + Level 1.3 Necromancy
 + Level 1.3 Translocations
 + Level 1.3 Transmutations
 + Level 1.3 Fire Magic
 + Level 1.3 Ice Magic
 + Level 1.3 Air Magic
 + Level 1.3 Earth Magic
 + Level 1.3 Poison Magic
 + Level 1.8 Invocations
 + Level 1.6 Evocations


You had 13 spell levels left.
You knew the following spells:

 Your Spells              Type           Power        Failure   Level  Hunger
a - Magic Dart            Conj           ####         1%          1    None

Your spell library contained the following spells:

 Spells                   Type           Power        Failure   Level  Hunger
 Searing Ray              Conj           ####..       1%          2    None
 Dazzling Spray           Conj/Hex       ###...       9%          3    ##.....
 Iskenderun's Mystic Bla  Conj           ####....     9%          4    ####...
 Force Lance              Conj/Tloc      ###.....     26%         4    ####...
 Fulminant Prism          Conj/Hex       ###.......   26%         4    ####...


Dungeon Overview and Level Annotations

Branches:
Dungeon (3/15)

Altars:
Cheibriados
Elyvilon
Wu Jian


Innate Abilities, Weirdness & Mutations

Your experience applies equally to all skills.
You have very sharp teeth.
Your uncanny sense of smell can sniff out nearby items.


Message History

The centaur shoots an arrow.
The arrow closely misses you.
Casting: Magic Dart (safe; 1% risk of failure)
Confirm with . or Enter, or press ? or * to list all spells.
Aiming: Magic Dart (safe; 1% risk of failure)
Press: ? - help, Shift-Dir - straight line, f/p - centaur
Aim: a centaur, wielding a shortbow (severely wounded)
The magic dart hits the centaur.
The centaur is severely wounded.
The centaur shoots an arrow.
The arrow hits you.
* * * LOW HITPOINT WARNING * * *
The centaur shoots an arrow.
The arrow completely misses you.
Casting: Magic Dart (safe; 1% risk of failure)
Confirm with . or Enter, or press ? or * to list all spells.
Aiming: Magic Dart (safe; 1% risk of failure)
Press: ? - help, Shift-Dir - straight line, f/p - centaur
Aim: a centaur, wielding a shortbow (severely wounded)
The magic dart hits the centaur.
You kill the centaur!
The centaur shoots an arrow.
The arrow hits you!
You die...

.# .# .# .# .# .#
##.##
#########)..####
...(...@.c.......
#########...###.#
#.### #.# #c# #.#
#.# .#


You could see a centaur.

Vanquished Creatures
  A centaur (D:6)
  An orc wizard (D:2)
  4 adders
  2 worms (D:2)
  2 dart slugs (D:2)
  5 orcs
  8 bats
  A giant cockroach (D:3)
  5 goblins
  3 hobgoblins
  5 jackals (D:2)
  6 kobolds
  A ball python (D:2)
  A frilled lizard (D:3)
  A rat (D:1)
46 creatures vanquished.

Vanquished Creatures (others)
  A quokka (D:2)
1 creature vanquished.

Grand Total: 47 creatures vanquished

Notes
Turn   | Place    | Note
-------+----------+-------------------------------------------
     0 | D:1      | JedernureinKreuz the Gnoll Conjurer began the quest for the
                  | Orb.
     0 | D:1      | Reached XP level 1. HP: 13/13 MP: 6/6
   105 | D:1      | Reached XP level 2. HP: 19/19 MP: 1/7
   192 | D:1      | You fall through a shaft!
   211 | D:2      | Found a snail-covered altar of Cheibriados.
   433 | D:2      | Reached XP level 3. HP: 11/25 MP: 0/9
   651 | D:2      | Reached skill level 5 in Spellcasting
   651 | D:2      | Reached skill level 1 in Invocations
   653 | D:2      | Reached skill level 1 in Fighting
   653 | D:2      | Reached skill level 1 in Short Blades
   653 | D:2      | Reached skill level 1 in Long Blades
   653 | D:2      | Reached skill level 1 in Axes
   653 | D:2      | Reached skill level 1 in Maces & Flails
   653 | D:2      | Reached skill level 1 in Polearms
   653 | D:2      | Reached skill level 1 in Staves
   653 | D:2      | Reached skill level 1 in Slings
   653 | D:2      | Reached skill level 1 in Bows
   653 | D:2      | Reached skill level 1 in Crossbows
   653 | D:2      | Reached skill level 1 in Throwing
   653 | D:2      | Reached skill level 1 in Armour
   653 | D:2      | Reached skill level 1 in Shields
   653 | D:2      | Reached skill level 1 in Unarmed Combat
   653 | D:2      | Reached skill level 1 in Evocations
   687 | D:2      | Reached XP level 4. HP: 32/32 MP: 0/11
   968 | D:2      | Found a white marble altar of Elyvilon.
  1321 | D:2      | Reached skill level 1 in Hexes
  1321 | D:2      | Reached skill level 1 in Charms
  1321 | D:2      | Reached skill level 1 in Summonings
  1321 | D:2      | Reached skill level 1 in Necromancy
  1321 | D:2      | Reached skill level 1 in Translocations
  1321 | D:2      | Reached skill level 1 in Transmutations
  1321 | D:2      | Reached skill level 1 in Fire Magic
  1321 | D:2      | Reached skill level 1 in Ice Magic
  1321 | D:2      | Reached skill level 1 in Air Magic
  1321 | D:2      | Reached skill level 1 in Earth Magic
  1321 | D:2      | Reached skill level 1 in Poison Magic
  1471 | D:3      | Found an ornate altar of the Wu Jian Council.
  1526 | D:3      | Reached XP level 5. HP: 37/37 MP: 4/12
  1599 | D:3      | You fall through a shaft for 3 floors!
  1599 | D:6      | Noticed a centaur
  1599 | D:6      | Noticed a centaur
  1607 | D:6      | Killed a centaur
  1607 | D:6      | Shot with an arrow by a centaur

Skill      XL: |  1  2  3  4 |
---------------+-------------+-----
Spellcasting   | 5 |  5.2
Invocations    | 1 |  1.8
Fighting       | 1 |  1.6
Short Blades   | 1 |  1.6
Long Blades    | 1 |  1.6
Axes           | 1 |  1.6
Maces & Flails | 1 |  1.6
Polearms       | 1 |  1.6
Staves         | 1 |  1.6
Slings         | 1 |  1.6
Bows           | 1 |  1.6
Crossbows      | 1 |  1.6
Throwing       | 1 |  1.6
Armour         | 1 |  1.6
Shields        | 1 |  1.6
Unarmed Combat | 1 |  1.6
Evocations     | 1 |  1.6
Hexes          | 1 |  1.3
Charms         | 1 |  1.3
Summonings     | 1 |  1.3
Necromancy     | 1 |  1.3
Translocations | 1 |  1.3
Transmutations | 1 |  1.3
Fire Magic     | 1 |  1.3
Ice Magic      | 1 |  1.3
Air Magic      | 1 |  1.3
Earth Magic    | 1 |  1.3
Poison Magic   | 1 |  1.3
Dodging        | |  4.8
Stealth        | |  4.4
Conjurations   | |  7.2

Action                   |  1- 3 |  4- 6 || total
-------------------------+-------+-------++-------
Melee: Dagger            |     5 |     1 ||     6
       Bite              |     1 |       ||     1
 Cast: Magic Dart        |    43 |    56 ||    99
 Stab: Sleeping          |       |     1 ||     1
  Eat: Chunk             |       |     2 ||     2
Dodge: Dodged            |     5 |    12 ||    17
